 Dungeon Crawl Stone Soup version 0.19-a0-1903-gead39cf (webtiles) character file.

251 GlassEater the Sneak (level 6, -2/51 HPs)
             Began as a Naga Enchanter on Oct 20, 2016.
             Was an Initiate of Cheibriados.
             Slain by a phantom (3 damage)
             ... on level 4 of the Dungeon.
             The game lasted 00:18:36 (5538 turns).

GlassEater the Sneak (Naga Enchanter)               Turns: 5538, Time: 00:18:37

Health: -2/51      AC:  7    Str: 11    XL:     6   Next: 13%
Magic:  2/10       EV: 10    Int: 18    God:    Cheibriados [......]
Gold:   147        SH:  4    Dex: 13    Spells: 3 memorised, 4 levels left

rFire  . . .     SeeInvis +     a - +2 dagger (freeze)
rCold  . . .     Gourm    .     b - +1 robe
rNeg   . . .     Faith    +     e - +0 buckler
rPois  +         Spirit   .     (no helmet)
rElec  .         Reflect  .     p - +2 cloak
rCorr  .         Harm     .     (no gloves)
MR     .....                    (no barding)
Stlth  +++.......               g - amulet of faith
                                (no ring)
                                (no ring)

@: very slow
A: see invisible, deformed body, poison resistance, slowness 2, slow metabolism
1, spit poison 1, AC +2
a: Spit Poison, Bend Time, Renounce Religion


You were on level 4 of the Dungeon.
You worshipped Cheibriados.
Cheibriados was noncommittal.
You were not hungry.

You visited 1 branch of the dungeon, and saw 4 of its levels.

You collected 147 gold pieces.

Inventory:

Hand Weapons
 a - a +2 dagger of freezing (weapon)
Missiles
 o - 11 poisoned needles
Armour
 b - a +1 robe (worn)
 e - a +0 buckler (worn)
 p - a +2 cloak (worn)
Jewellery
 g - an amulet of faith (around neck)
Wands
 h - a wand of flame (0/48)
Scrolls
 f - 3 scrolls of enchant weapon {unknown}
 i - 2 scrolls of magic mapping {unknown}
 j - 2 scrolls of remove curse {unknown}
 k - 2 scrolls of recharging {unknown}
 r - a scroll of fear
 u - a scroll of random uselessness {unknown}
 w - a scroll of noise {unknown}
Potions
 l - a potion of flight {unknown}
 n - a potion of degeneration {unknown}
 q - a potion of ambrosia {unknown}
 s - a potion of haste {unknown}
 t - a potion of curing {unknown}
Books
 c - a book of Maledictions

   Spells                             Type                      Level
   a - Corona                         Hexes                        1
   b - Ensorcelled Hibernation        Hexes/Ice                    2
   c - Confuse                        Hexes                        3
   d - Tukima's Dance                 Hexes                        3
   e - Dazzling Spray                 Conjuration/Hexes            3
 m - a book of Callings

   Spells                             Type                      Level
   a - Summon Small Mammal            Summoning                    1
   b - Call Imp                       Summoning                    2
   c - Call Canine Familiar           Summoning                    3
   d - Summon Guardian Golem          Hexes/Summoning              3
   e - Summon Lightning Spire         Summoning/Air                4
   f - Summon Ice Beast               Ice/Summoning                4
Comestibles
 d - 4 bread rations
 v - 3 chunks of flesh


   Skills:
 * Level 1.5 Fighting
 * Level 2.1 Short Blades
 + Level 0.4 Armour
 + Level 2.3 Dodging
 * Level 5.9 Stealth
 * Level 1.4 Shields
 * Level 2.8 Spellcasting
 * Level 3.4 Hexes
 + Level 1.0 Ice Magic


You had 4 spell levels left.
You knew the following spells:

 Your Spells              Type           Power        Failure   Level  Hunger
a - Corona                Hex            ##.....      6%          1    None
b - Ensorcelled Hibernat  Hex/Ice        ##....       14%         2    ##.....
c - Confuse               Hex            ##......     17%         3    ###....


Dungeon Overview and Level Annotations

Branches:
Dungeon (4/15)
 Temple: D:4-7

Altars:
Cheibriados
Gozag
Kikubaaqudgha
Okawaru
Zin


Innate Abilities, Weirdness & Mutations

You cannot wear boots.
Your serpentine skin is tough. (AC +2)
You have supernaturally acute eyesight. (SInv)
Armour fits poorly on your strangely shaped body.
Your system is resistant to poisons. (rPois)
You cover ground very slowly.
You have a slow metabolism.
You can spit poison.


Message History

The phantom is heavily damaged.
You closely miss the phantom.
The phantom is heavily damaged.
The phantom hits you but does no damage.
You hit the phantom.
The phantom is heavily damaged.
The phantom hits you.
* * * LOW HITPOINT WARNING * * *
You hit the phantom.
The phantom is severely damaged.
The phantom barely misses you.
You closely miss the phantom.
The phantom is severely damaged.
The phantom hits you!
* * * LOW HITPOINT WARNING * * *
The phantom hits you.
* * * LOW HITPOINT WARNING * * *
The phantom hits you but does no damage.
The phantom hits you.
You die...

#.# #...####.. #.##
##.### #.. .#
#..####)## ... ..#
##..#.)## ...# #.#
#.....# #.### #.#
#.>..## #.# #.####....#
#..# #....W....####..#
##..@......##..#
#.............#
##.............##
###...........(...##
#..................####
#...................[.#
#..........####........
#.........## #....##'#
#.........## #...##≈.≈


You could see a phantom.

Vanquished Creatures
  A jelly (D:4)
  Terence (D:3)
  3 gnolls (D:4)
  4 adders
  A howler monkey skeleton (D:4)
  2 oozes
  4 worms
  5 dart slugs
  2 leopard geckos (D:2)
  A ball python (D:3)
  11 bats
  3 giant cockroaches
  8 goblins
  13 hobgoblins
  2 jackals (D:1)
  2 quokkas
  7 frilled lizards
  13 kobolds
  12 rats
95 creatures vanquished.

Notes
Turn   | Place    | Note
-------+----------+-------------------------------------------
     0 | D:1      | GlassEater the Naga Enchanter began the quest for the Orb.
     0 | D:1      | Reached XP level 1. HP: 15/15 MP: 3/3
    81 | D:1      | Reached XP level 2. HP: 1/22 MP: 5/5
   127 | D:1      | HP: 1/22 [kobold (2)]
   440 | D:1      | Learned a level 2 spell: Ensorcelled Hibernation
   896 | D:1      | Reached XP level 3. HP: 12/28 MP: 6/6
  1104 | D:1      | Learned a level 3 spell: Confuse
  1662 | D:1      | Reached skill level 5 in Stealth
  2231 | D:2      | Reached XP level 4. HP: 8/37 MP: 0/7
  3138 | D:2      | Found a glowing silver altar of Zin.
  3144 | D:2      | Found an ancient bone altar of Kikubaaqudgha.
  3213 | D:3      | Reached skill level 1 in Fighting
  3291 | D:3      | Noticed Terence
  3310 | D:3      | Killed Terence
  3310 | D:3      | Reached XP level 5. HP: 37/44 MP: 1/8
  4059 | D:3      | Reached skill level 1 in Ice Magic
  4237 | D:4      | Noticed a phantom
  5009 | D:4      | Found a snail-covered altar of Cheibriados.
  5009 | D:4      | Found an opulent altar of Gozag.
  5009 | D:4      | Found an iron altar of Okawaru.
  5019 | D:4      | Became a worshipper of Cheibriados the Contemplative
  5382 | D:4      | Reached skill level 1 in Shields
  5494 | D:4      | Reached XP level 6. HP: 36/51 MP: 10/10
  5536 | D:4      | HP: 1/51 [phantom (3)]
  5538 | D:4      | Slain by a phantom

Vault maps used:
D:1:      minmay_arrival_up_and_down
D:2:      amethyst_overflow_temple_binary
D:3:      kennysheep_six_static_rooms, first_bread, uniq_terence
D:4:      gammafunk_temple_overflow_claw

Skill      XL: |  1  2  3  4  5 |
---------------+----------------+-----
Dodging        | 2 |  2.3
Stealth        | 5 |  5.9
Fighting       | 1 |  1.5
Short Blades   | 2 |  2.1
Ice Magic      | 1 |  1.0
Shields        | 1 |  1.4
Armour         | |  0.4
Spellcasting   | |  2.8
Hexes          | |  3.4

Action                   |  1- 3 |  4- 6 || total
-------------------------+-------+-------++-------
Melee: Dagger            |   184 |   176 ||   360
 Cast: Ensorcelled Hiber |     8 |    25 ||    33
       Corona            |     1 |       ||     1
       Confuse           |       |     9 ||     9
 Abil: Spit Poison       |     1 |     1 ||     2
Evoke: Wand              |       |     2 ||     2
  Use: Scroll            |       |     8 ||     8
 Stab: Sleeping          |     7 |    23 ||    30
       Distracted        |       |     1 ||     1
       Confused          |       |     1 ||     1
  Eat: Chunk             |     3 |     9 ||    12
       Bread ration      |       |     1 ||     1
       Royal jelly       |       |     1 ||     1
Armor: Robe              |    50 |    64 ||   114
Dodge: Dodged            |    84 |    93 ||   177
Block: Buckler           |    21 |    20 ||    41
